Map: New Bed of Chaos LE

Players

LazyWaste

  • Race: Protoss Protoss

Tanggo

  • Race: Zerg Zerg

Nitrate - Winner!

  • Race: Protoss Protoss
  • League: Gold

Вагнер - Winner!

  • Race: Zerg Zerg

VOD

Have the link to the VOD?

Description

Time

  • Played on: Feb. 25, 2026, 2:51 p.m.
  • Length: 7:11
Show
View Real Time Build Order
Export as new Build Order

LazyWaste Protoss 

Build Orders:  

Get SALT Encoding   

  12  0:01  Probe  
  13  0:13  Probe  
  14  0:25  Pylon  
  14  0:27  Assimilator  
  14  0:28  Probe  
  15  0:43  Probe  
  15  0:45  Gateway  
  16  0:55  Probe  
  17  1:01  Assimilator  
  17  1:07  Probe  
  18  1:18  Probe  
  19  1:26  Probe  
  20  1:34  Probe  
  21  1:43  Cybernetics Core  
  21  1:53  Probe  
  21  2:05  Probe  
  22  2:09  Warp Gate, Forge  
  22  2:16  Pylon  
  22  2:17  Probe  
  23  2:27  Stalker  
  23  2:36  Stargate  
  25  2:55  Photon Cannon  
  25  3:16  Void Ray  
  25  3:19  Nexus  
  29  3:30  Pylon  
  29  3:41  Probe  
  30  3:52  Assimilator  
  30  3:53  Probe  
  35  4:05  Void Ray, Probe  
  36  4:11  Assimilator  
  36  4:17  Probe  
  37  4:30  Probe, Shield Battery  
  38  4:34  Pylon  
  38  4:35  Probe  
  38  4:36  Photon Cannon  
  39  4:42  Probe  
  39  4:45  Void Ray  
  40  4:47  Probe  
  45  4:58  Probe  
  45  4:59  Probe, Protoss Air Weapons Level 1  
  47  5:10  Probe  
  47  5:11  Probe  
  49  5:22  Probe  
  49  5:23  Probe  
  55  5:29  Void Ray  
  55  5:34  Probe  
  56  5:35  Probe  
  56  5:36  Robotics Facility  
  57  5:46  Probe  
  57  5:47  Probe  
  59  5:53  Stargate  
  59  5:58  Probe  
  59  6:00  Probe, Pylon x2  
  61  6:10  Probe, Pylon  
  62  6:14  Void Ray  
  62  6:18  Probe  
  63  6:22  Probe  
  68  6:32  Void Ray  
  72  6:46  Shield Battery  
  72  6:49  Shield Battery  
Show
View Real Time Build Order
Export as new Build Order

Tanggo Zerg 

Build Orders: Pool First 

Get SALT Encoding   

  12  0:00  Drone  
  13  0:08  Drone  
  14  0:17  Overlord  
  14  0:25  Extractor  
  14  0:26  Drone  
  14  0:39  Spawning Pool  
  13  0:44  Drone  
  14  0:52  Drone x2  
  16  1:03  Drone  
  17  1:06  Drone  
  18  1:21  Drone  
  19  1:26  Queen  
  21  1:44  Hatchery  
  21  1:46  Drone  
  21  1:52  Drone  
  22  1:56  Overlord  
  22  2:12  Metabolic Boost  
  22  2:16  Zergling x4  
  24  2:23  Zergling x2  
  25  2:40  Zergling x2  
  25  2:41  Zergling x6  
  29  2:52  Overlord  
  29  3:06  Queen  
  29  3:07  Hatchery  
  29  3:11  Zergling x2  
  29  3:12  Zergling x2  
  32  3:17  Drone x3  
  33  3:26  Zergling x2  
  33  3:37  Spore Crawler  
  31  3:50  Overlord  
  31  4:01  Overlord  
  31  4:14  Baneling Nest  
  31  4:15  Drone, Zergling x4  
  31  4:16  Zergling x2  
  34  4:24  Drone  
  35  4:34  Drone x2  
  37  4:44  Extractor  
  36  4:48  Zergling x8  
  40  4:54  Extractor  
  39  5:00  Lair, Evolution Chamber  
  39  5:01  Drone x2, Evolution Chamber  
  39  5:02  Zergling x4  
  39  5:06  Overlord  
  41  5:16  Queen  
  41  5:19  Drone x2  
  41  5:21  Zergling x2  
  46  5:23  Drone  
  47  5:37  Drone, Zergling x2  
  49  5:44  Drone x2  
  49  5:45  Zergling x2  
  52  5:58  Drone x4  
  46  6:25  Zergling x2  
  46  6:26  Zergling x6  
  43  6:39  Zergling x2  
  45  6:40  Zergling x16  
  45  6:45  Baneling x5  
  45  6:46  Baneling x5  
Show
View Real Time Build Order
Export as new Build Order

Nitrate Protoss - Winner!

Build Orders: 1 Gate Expand 

Get SALT Encoding   

  12  0:00  Probe  
  13  0:12  Probe  
  14  0:18  Pylon  
  14  0:24  Probe  
  15  0:39  Probe  
  15  0:41  Gateway  
  16  0:46  Assimilator  
  16  0:47  Probe  
  16  0:56  Probe  
  18  1:12  Probe  
  19  1:30  Probe  
  19  1:32  Nexus  
  20  1:46  Probe  
  21  1:49  Cybernetics Core  
  21  1:54  Assimilator  
  21  1:56  Pylon  
  21  1:58  Warp Gate  
  21  2:02  Probe  
  22  2:15  Probe  
  23  2:25  Stalker  
  25  2:38  Gateway  
  24  2:51  Probe  
  24  2:52  Stalker  
  27  2:59  Gateway  
  27  3:01  Pylon  
  27  3:02  Probe  
  27  3:05  Probe  
  29  3:14  Probe  
  29  3:17  Probe  
  31  3:22  Stalker  
  31  3:24  Twilight Council  
  33  3:29  Stalker  
  35  3:34  Probe  
  35  3:40  Charge  
  36  3:50  Probe x2  
  36  3:52  Pylon  
  38  3:57  Forge  
  38  4:02  Probe x2, Pylon  
  40  4:12  Protoss Ground Weapons Level 1  
  40  4:16  Probe x2  
  42  4:24  Stalker x2  
  42  4:28  Probe  
  42  4:29  Probe  
  48  4:40  Probe  
  48  4:43  Probe  
  50  4:47  Robotics Facility  
  50  4:50  Stalker x2  
  54  4:55  Probe x2  
  54  4:58  Assimilator  
  56  5:02  Assimilator  
  56  5:07  Zealot  
  58  5:15  Gateway  
  58  5:17  Gateway  
  58  5:20  Pylon  
  58  5:21  Stalker  
  60  5:29  Probe x2  
  60  5:30  Zealot  
  60  5:31  Zealot  
  66  5:36  Warp Prism  
  68  5:46  Probe x2  
  70  5:51  Zealot  
  70  5:52  Zealot  
  74  6:12  Probe x2  
  74  6:14  Stalker  
  78  6:45  Pylon  
  78  6:47  Pylon  
  78  6:52  Observer  
  75  6:56  Stalker  
  75  6:57  Stalker x3  
Show
View Real Time Build Order
Export as new Build Order

Вагнер Zerg - Winner!

Build Orders: Pool First 

Get SALT Encoding   

  12  0:01  Drone  
  13  0:07  Drone  
  14  0:27  Spawning Pool  
  13  0:29  Drone  
  14  0:36  Overlord  
  14  0:41  Extractor  
  13  0:43  Drone  
  14  0:56  Drone x2  
  16  1:13  Zergling x2  
  16  1:14  Zergling x2  
  16  1:17  Queen  
  20  1:28  Zergling x2  
  21  1:40  Overlord  
  21  1:42  Metabolic Boost  
  21  1:45  Drone  
  23  2:01  Drone  
  23  2:03  Roach Warren  
  22  2:13  Drone  
  23  2:17  Zergling x2  
  24  2:24  Extractor  
  24  2:29  Lair  
  23  2:30  Zergling x2  
  23  2:31  Zergling x2  
  23  2:32  Zergling x2  
  23  2:52  Zergling x2  
  23  2:58  Roach x2  
  28  3:01  Spore Crawler  
  27  3:06  Drone  
  28  3:16  Roach  
  29  3:27  Glial Reconstitution  
  29  3:30  Overlord  
  25  3:44  Roach x2  
  29  4:02  Hatchery  
  29  4:05  Drone  
  29  4:16  Pneumatized Carapace  
  29  4:22  Drone  
  30  4:25  Drone  
  30  4:30  Drone  
  32  4:35  Drone  
  33  4:46  Roach  
  33  4:49  Overlord  
  35  4:55  Roach  
  37  5:02  Overseer  
  37  5:08  Spore Crawler, Drone  
  37  5:18  Spine Crawler  
  37  5:19  Drone  
  37  5:27  Drone  
  38  5:28  Zergling x2  
  38  5:31  Drone  
  41  5:35  Drone  
  41  5:39  Drone  
  41  5:42  Drone  
  43  5:53  Evolution Chamber  
  43  5:56  Drone  
  43  5:57  Evolution Chamber  
  43  6:00  Roach  
  44  6:07  Zergling x2  
  44  6:08  Zergling x2  
  46  6:13  Roach  
  46  6:17  Drone  
  46  6:18  Drone  
  50  6:22  Roach  
  50  6:33  Drone x2  
  50  6:39  Overlord  
  52  6:45  Overlord  
Tags
 
Add a new tag
Caveats
  • Supply blocks, unpowered buildings, or Contaminate may cause inaccurate times.
  • Supply counts are checked every 10 seconds.